 Dungeon Crawl Stone Soup version 0.28-a0-973-ga7f8b01127 (webtiles) character file.

Game seed: 12784250790276081327

25 ytrimaz the Covered (level 3, 0/30 HPs)
             Began as a Formicid Fighter on Dec 1, 2021.
             Slain by Terence (3 damage)
             ... on level 2 of the Dungeon.
             The game lasted 00:00:54 (742 turns).

ytrimaz the Covered (Formicid Fighter)               Turns: 742, Time: 00:00:55

Health: 0/30       AC:  7    Str: 22    XL:     3   Next: 17%
Magic:  3/3        EV:  9    Int:  7    God:
Gold:   21         SH:  4    Dex: 10    Spells: 2/2 levels left

rFire   . . .      SeeInvis +   a - +0 war axe
rCold   . . .      Faith    .   c - +0 buckler
rNeg    . . .      Spirit   .   b - +0 scale mail
rPois   .          Reflect  .   (helmet unavailable)
rElec   .          Harm     .   (no cloak)
rCorr   .          Rampage  .   (no gloves)
Will    .....                   (no boots)
Stlth   ..........              (no amulet)
HPRegen 0.10/turn               (no ring)
MPRegen 0.08/turn               (no ring)

@: no status effects
A: permanent stasis, dig shafts and tunnels, antennae 3, four strong arms
a: Dig, Shaft Self


You were on level 2 of the Dungeon.
You visited 1 branch of the dungeon, and saw 2 of its levels.

You collected 21 gold pieces.

Inventory:

Hand Weapons
 a - a +0 war axe (weapon)
Armour
 b - a +0 scale mail (worn)
 c - a +0 buckler (worn)
Potions
 d - a potion of might


   Skills:
 * Level 3.8 Fighting
 + Level 2.3 Axes
 * Level 3.8 Armour
 - Level 3.6 Shields


You had 2 spell levels left.
You didn't know any spells.
Your spell library was empty.

Dungeon Overview and Level Annotations

Branches:
Dungeon (2/15)

Altars:

Shops:
D:1 [

Annotations:
D:2 Terence


Innate Abilities, Weirdness & Mutations

You cannot be hasted, slowed, berserked, paralysed or teleported.
You can dig through walls and to a lower floor.
You have a pair of large antennae on your head. (SInv)
Your four strong arms can wield two-handed weapons with a shield.


Message History

Found a mace.
Found a hunting sling.
Done exploring.
Done exploring.
Done exploring.
Done exploring.
Done exploring.
There is a stone staircase leading down here.
You climb downwards.
There is a stone staircase leading up here.
Terence is nearby!
Terence is nearby!
You slash Terence!
Terence is moderately wounded.
Terence hits you with a +0 trident.
You barely miss Terence.
Terence is moderately wounded.
Terence closely misses you.
You slash Terence!
Terence is severely wounded.
You block Terence's attack. Terence misses you.
You hit Terence but do no damage.
Terence is severely wounded.
Terence hits you with a +0 trident.
You barely miss Terence.
Terence is severely wounded.
Terence closely misses you. Terence hits you with a +0 trident.
You barely miss Terence.
Terence is severely wounded.
Terence hits you with a +0 trident.
* * * LOW HITPOINT WARNING * * *
You hit Terence.
Terence is almost dead.
You block Terence's attack.
You barely miss Terence.
Terence is almost dead.
Terence hits you with a +0 trident.
* * * LOW HITPOINT WARNING * * *
Terence hits you with a +0 trident.
You die...

#..
#.#
...
{
#.#
#.#
#.#
#@#
#@#
#.#
{
#.#
#.#
#.#
#..
###


You could see Terence.

Vanquished Creatures
  A dart slug (D:1)
  3 bats (D:1)
  An endoplasm (D:1)
  A giant cockroach (D:1)
  A goblin (D:1)
  2 hobgoblins (D:1)
  4 jackals (D:1)
  A quokka (D:1)
  2 ball pythons (D:1)
  2 kobolds (D:1)
  A rat (D:1)
19 creatures vanquished.

Notes
Turn   | Place    | Note
-------+----------+-------------------------------------------
     0 | D:1      | ytrimaz the Formicid Fighter began the quest for the Orb.
     0 | D:1      | Reached XP level 1. HP: 18/18 MP: 1/1
    60 | D:1      | Reached XP level 2. HP: 9/24 MP: 2/2
   323 | D:1      | Found Dedoe's Armour Emporium.
   335 | D:1      | Reached XP level 3. HP: 30/30 MP: 3/3
   734 | D:2      | Noticed Terence
   742 | D:2      | Slain by Terence

Illustrated notes

Levels and vault maps discovered:
D:1:      minmay_arrival_loop, layout_rooms, serial_shops, shop_fountains,
          dk_noncrumbling_2, hangedman_decor_push, minmay_pentomino_v2
D:2:      layout_loops_ring, dreamdust_ecumenical_altar_sealed_demon,
          uniq_terence, uniq_crazy_yiuf_cottage

Action                   || total
-------------------------++-------
Melee: War axe           ||    49
  Use: Scroll            ||     1
Armor: Scale mail        ||    36
Dodge: Dodged            ||    33
Block: Buckler           ||    17

Table legend: (Time is in decaauts)
 A = Elapsed time spent in this place.
 B = Non-inter-level travel time spent in this place.
 C = Inter-level travel time spent in this place.
 D = Time resting spent in this place.
 E = Time spent auto-exploring this place.
 F = Levels seen in this place.
 G = Mean time per level.
                   A        B        C        D        E       F      G
               +--------+--------+--------+--------+--------+-----+--------+
         Total |    760 |    726 |     34 |      0 |    592 |   2 |  380.0 |
       Dungeon |    760 |    726 |     34 |      0 |    592 |   2 |  380.0 |
               +--------+--------+--------+--------+--------+-----+--------+

Top non-repeatable levels by time:
     D:1: 750 daAuts
     D:2: 10 daAuts
